[Event "Early-Titled-Tuesday-Blitz-March-05-2024"]
[Site "Chess.com"]
[Date "2024.03.05"]
[Round "10"]
[White "Fandorine"]
[Black "Brave_spirit12"]
[Result "1/2-1/2"]
[WhiteElo "2916"]
[BlackElo "2740"]
[TimeControl "180+1"]
[EndTime "9:58:51 PST"]
[Termination "Game drawn - insufficient material"]

1. d4 d5 2. c4 dxc4 3. e4 e5 4. Nf3 exd4 5. Bxc4 Nc6 6. O-O Be6 7. Bb5 Bc5 8. b4 Bb6 9. a4 a6 10. Bxc6+ bxc6 11. a5 Ba7 12. Bb2 Nf6 13. Bxd4 Nxe4 14. Bxa7 Qxd1 15.
Rxd1 Rxa7 16. Nd4 Bd5 17. f3 Nf6 18. Nc3 O-O 19. Rac1 Rb7 20. Nxd5 cxd5 21. Nc6 Re8 22. Kf2 g6 23. g4 h6 24. h4 Rb5 25. Rd4 Kg7 26.
Rc2 Re6 27. Rd3 Rd6 28. Rd4 Re6 29. g5 hxg5 30. hxg5 Nh7 31. f4 Nf8 32. Ne5 Re7 33. Nc6 Re8 34. Na7 Rb7 35. Nc6 Ne6 36. Rxd5 Nxf4 37. Rd7 Nh3+ 38. Kf1 Nxg5 39. Re2 Ne4 40. Kg2 Rb5 41. Re3 Rg5+ 42. Kf1 Rf5+ 43. Ke1 Rf6 44.
Nd4 Rd6 45. Rxd6 Nxd6 46. Rxe8 Nxe8 47. b5 axb5 48. a6 c6 49. Nxc6 Nc7 50. a7 Na8 51. Kd2 g5 52. Ke3 f5 53. Kd4 Kf6 54. Ke3 g4 55. Kf4 Ke6 56. Nd4+ Kd5 57. Nxb5 Kc6 58.
Nd4+ Kb6 59. Nxf5 Kxa7 60. Kxg4 1/2-1/2

[Event "Early-Titled-Tuesday-Blitz-March-05-2024"]
[Site "Chess.com"]
[Date "2024.03.05"]
[Round "10"]
[White "McCarthyStone"]
[Black "ChessFanNM"]
[Result "0-1"]
[WhiteElo "2359"]
[BlackElo "2266"]
[TimeControl "180+1"]
[EndTime "9:58:51 PST"]
[Termination "ChessFanNM won by checkmate"]

1. b3 d5 2. Bb2 c5 3. Nf3 Nc6 4. e3 a6 5. d4 Nf6 6. Bd3 Bg4 7. h3 Bh5 8. a3 e6 9. O-O b5 10. dxc5 Bxc5 11. Nbd2 O-O 12. Qe1 Qe7 13. Ne5 Nxe5 14.
Bxe5 Bxa3 15. Bxf6 gxf6 16. e4 Bg6 17. Qe3 Bc5 18. Qf3 Bd4 19. Rad1 dxe4 20. Nxe4 f5 21. Ng3 Bg7 22. Rfe1 Rac8 23. Bxf5 Qc7 24. Bxg6 hxg6 25.
Re2 Qc3 26. Qb7 Qc6 27. Rd7 Qxb7 28. Rxb7 Rfd8 29. Ra7 Rd1+ 30. Kh2 Ra1 31. Ne4 Ra2 32. Nd6 Rcxc2 33. Rxc2 Rxc2 34. Nxf7 Rxf2 35. Ng5 Rb2 36. Nxe6 Be5+ 37. Kg1 Rxb3 38. Rxa6 Bg3 39. Ra8+ Kf7 40. Ng5+ Kg7 41. Kf1 Re3 42. Nf3 b4 43.
Rb8 b3 44. Rb7+ Kf8 45. h4 Ke8 46. Kg1 Kd8 47. Kf1 Kc8 48. Rb6 Kc7 49. Rb4 Kc6 50. Rb8 Kc7 51. Rb4 Kc6 52. Rb8 Kc5 53. Rc8+ Kb6 54. Rc1 Kb5 55. Nd2 Kb4 56. Rc4+ Ka3 57.
Nf3 b2 58. Nd2 Re1# 0-1

[Event "Early-Titled-Tuesday-Blitz-March-05-2024"]
[Site "Chess.com"]
[Date "2024.03.05"]
[Round "10"]
[White "baki83"]
[Black "AttackSparrow"]
[Result "1-0"]
[WhiteElo "2803"]
[BlackElo "2650"]
[TimeControl "180+1"]
[EndTime "9:58:52 PST"]
[Termination "baki83 won on time"]

1. e4 e5 2. Nf3 Nc6 3. Bb5 Nge7 4. O-O Ng6 5. Re1 Bc5 6. c3 Bb6 7. d4 a6 8. Ba4 Qe7 9. Na3 O-O 10. Nc4 exd4 11.
Nxb6 cxb6 12. cxd4 d6 13. h3 h6 14. Bb3 Qf6 15.
Be3 b5 16. Rc1 Na5 17. Bd5 Be6 18. b3 Rac8 19. Qd2 Nc6 20. Bxe6 fxe6 21. d5 Nce5 22.
Nxe5 dxe5 23. Rxc8 Rxc8 24. d6 Rd8 25. g3 Rd7 26. Bb6 Nh8 27. Bc7 Nf7 28. Re3 g5 29. Rd3 Qg6 30. Qe3 h5 31. Kg2 Kf8 32. a4 bxa4 33. bxa4 Kg7 34. a5 g4 35. h4 Qf6 36. Kg1 Qg6 37. Rd1 Qh7 38. Qe2 Qg8 39. Qc4 Qe8 40. Qc1 Kg6 41. Qc5 Qc8 42. Rb1 Kf6 43. Rb6 Kg6 44. Qb4 Kf6 45. Qc5 Kg6 46.
Kg2 Kf6 47. Qe3 Kg6 48. f3 gxf3+ 49. Qxf3 Nh6 50. Rb1 Rf7 51. Qe2 Ng4 52. Rf1 Qf8 53.
Rxf7 Qxf7 54. Qf3 Qd7 55. Qf8 Qc6 56. Qg8+ Kh6 57. Qg5+ Kh7 58. Qxh5+ Nh6 59. Qf3 Kg7 60. Kh3 Qc1 61. g4 Qd2 62. g5 Nf7 63. Kg4 1-0

[Event "Early-Titled-Tuesday-Blitz-March-05-2024"]
[Site "Chess.com"]
[Date "2024.03.05"]
[Round "10"]
[White "maurovargas01"]
[Black "deepfear"]
[Result "0-1"]
[WhiteElo "1833"]
[BlackElo "1971"]
[TimeControl "180+1"]
[EndTime "9:58:55 PST"]
[Termination "deepfear won by checkmate"]

1. e4 c5 2. Nc3 g6 3. f4 Bg7 4. Nf3 e6 5. d3 Ne7 6. g3 Nbc6 7.
Bg2 O-O 8. O-O f5 9. e5 a6 10.
Be3 d6 11. exd6 Qxd6 12. Na4 Bd4 13. Nxd4 cxd4 14. Bf2 b5 15. Nb6 Rb8 16. Nxc8 Rbxc8 17. a3 Rfe8 18. Qf3 Nd5 19. Rfe1 Rcd8 20. Re2 e5 21. Rae1 Kf7 22. fxe5 Rxe5 23. Rxe5 Nxe5 24. Qxd5+ Qxd5 25.
Bxd5+ Rxd5 26. Kg2 Ng4 27. Bg1 Rc5 28. Re2 Ne3+ 29. Bxe3 dxe3 30. Kf3 Kf6 31. Kxe3 Kg5 32. h3 h6 33. Kd4 Rc6 34. Kd5 Rc7 35. Re6 Rxc2 36. b4 Rc3 37. Rxa6 Rxd3+ 38. Kc5 Rxg3 39. Kxb5 Rxh3 40. a4 f4 41. Ra8 f3 42. a5 f2 43. Rf8 Rh2 44. a6 Kg4 45. a7 Rh5+ 46. Kb6 Rf5 47. Rxf5 gxf5 48. a8=Q f1=Q 49. Qg8+ Kf4 50.
Qc4+ Qxc4 51. b5 h5 52. Ka6 Qxb5+ 53. Kxb5 h4 54. Kb4 h3 55. Kc4 h2 56. Kd3 h1=Q 57. Kd4 Qe4+ 58. Kc5 Kg5 59. Kd6 f4 60. Kc5 f3 61. Kd6 f2 62. Kc5 f1=Q 63. Kd6 Qfd3+ 64. Kc5 Qec4+ 65. Kb6 Qdb3+ 66. Ka5 Qca4# 0-1

[Event "Early-Titled-Tuesday-Blitz-March-05-2024"]
[Site "Chess.com"]
[Date "2024.03.05"]
[Round "10"]
[White "vovachesss"]
[Black "awesomevishesh"]
[Result "1/2-1/2"]
[WhiteElo "2795"]
[BlackElo "2655"]
[TimeControl "180+1"]
[EndTime "9:58:57 PST"]
[Termination "Game drawn by agreement"]

1. e4 c5 2. c3 Nf6 3. e5 Nd5 4. Nf3 d6 5. Bb5+ Bd7 6. Bc4 e6 7. d4 cxd4 8. cxd4 Bc6 9. O-O Nd7 10. Qe2 dxe5 11. dxe5 Be7 12. Nd4 Qc7 13. Nxc6 bxc6 14. Re1 O-O 15. Nd2 a5 16. Nf3 a4 17. Bd3 g6 18. Bh6 Rfe8 19. Rac1 Qb6 20. a3 Nc5 21. Bb1 Rab8 22. Rc2 Nb3 23. h4 c5 24. h5 Na1 25. Rd2 Nb3 26. Rdd1 Nd4 27. Nxd4 cxd4 28.
Rd2 Bf8 29. Bxf8 Kxf8 30. Qf3 Kg7 31. Re4 Qc5 32. h6+ Kf8 33. Rexd4 Qc1+ 34. Rd1 Qxh6 35. Be4 Rxb2 36. Bxd5 exd5 37. Rxd5 Rb3 38. Qf6 Qg7 39.
Qd6+ Kg8 40. Qc6 Qf8 41. Qxa4 Rxa3 42. Qf4 Ra6 43. Rd7 Rae6 44. R1d5 R6e7 45. g3 Rxd7 46. Rxd7 Re7 47. Rd6 Re8 48. Kh2 Qe7 49. Rf6 Qxe5 50. Rxf7 Qxf4 51. Rxf4 Kg7 52. Kg2 Re7 53. Rd4 h5 54. Rd5 Rf7 55. Rd6 Re7 56. Rd5 1/2-1/2

[Event "Early-Titled-Tuesday-Blitz-March-05-2024"]
[Site "Chess.com"]
[Date "2024.03.05"]
[Round "10"]
[White "jk13"]
[Black "carlocapau"]
[Result "0-1"]
[WhiteElo "2673"]
[BlackElo "2488"]
[TimeControl "180+1"]
[EndTime "9:58:57 PST"]
[Termination "carlocapau won by resignation"]

1. e4 c5 2. c3 g6 3. d4 cxd4 4. cxd4 d5 5. e5 Nc6 6. Nc3 Bg7 7. h4 f6 8. f4 fxe5 9. fxe5 Nh6 10. h5 Bg4 11.
Be2 Bxe2 12. Ngxe2 e6 13. Qd3 Nf5 14. g4 Nfe7 15. h6 Bf8 16. Bg5 Qd7 17. O-O-O O-O-O 18. Nb5 Kb8 19. Nd6 Nb4 20. Qb3 Nbc6 21. Kb1 Na5 22. Qd3 Nc4 23. Nf7 Rg8 24. Nxd8 Qxd8 25. Rhf1 Qb6 26.
b3 Nc6 27. Ka1 Ba3 28. Bc1 Nb4 29. Qc3 Rc8 30. bxc4 Rxc4 31. Qb3 Nc2+ 32. Kb1 Rb4 33. Kxc2 Rxb3 34. axb3 Qc6+ 35. Nc3 Bb4 36. Bd2 a6 37. Kd3 Bxc3 38. Bxc3 Qb5+ 39. Kc2 Qe2+ 40. Kb1 Qxg4 41.
Bb2 g5 42. Rf8+ Ka7 43. Rc1 Qe4+ 44. Ka1 g4 45. Rg8 Qf3 46. Rc7 Qxb3 47. Rgg7 Qd1+ 48. Ka2 Qa4+ 49. Kb1 Qd1+ 50. Rc1 Qd3+ 51. Ka1 g3 52. Rcc7 Qd1+ 53. Ka2 Qa4+ 54. Ba3 Qb5 55. Rxg3 Qe2+ 56. Bb2 Qb5 57. Rb3 Qa4+ 58. Ba3 Qxd4 59. Rbxb7+ Ka8 60. Ra7+ Kb8 61. Rab7+ Ka8 62. Rb3 Qd2+ 63. Rb2 Qd4 64. Rxh7 Qc4+ 65. Ka1 a5 66. Rf2 Qc3+ 67. Ka2 Qc4+ 68.
Kb2 Qd4+ 69. Kb3 Qxf2 70. Ka4 d4 71. Rg7 d3 72. h7 Qf4+ 73. Kb5 Qxe5+ 74. Kc6 Qxg7 75. Bd6 Qxh7 0-1

[Event "Early-Titled-Tuesday-Blitz-March-05-2024"]
[Site "Chess.com"]
[Date "2024.03.05"]
[Round "10"]
[White "Hurghada"]
[Black "ninguno46"]
[Result "1/2-1/2"]
[WhiteElo "2394"]
[BlackElo "2513"]
[TimeControl "180+1"]
[EndTime "9:58:57 PST"]
[Termination "Game drawn by repetition"]

1. d4 Nf6 2. c4 e6 3. g3 Bb4+ 4. Bd2 Qe7 5. Bg2 Nc6 6. e3 O-O 7. Ne2 Bxd2+ 8. Qxd2 d6 9. Nbc3 e5 10. d5 Nb8 11. e4 a5 12. O-O Na6 13. b3 Nc5 14.
Rab1 Bg4 15. f3 Bd7 16. a3 c6 17. b4 axb4 18. axb4 Na4 19. Nxa4 Rxa4 20. Nc3 Ra3 21. dxc6 bxc6 22. Rfd1 Be6 23. Bf1 Rd8 24. b5 Qa7+ 25. Kh1 Qc5 26. bxc6 Qxc6 27. Rbc1 Qc5 28. Be2 h5 29. Nd5 Bxd5 30. cxd5 Qa7 31. Rc3 Rxc3 32. Qxc3 h4 33. Ra1 Qf2 34. Qe1 Qe3 35. Kg2 Rb8 36. Ra2 Nxe4 37. fxe4 Qxe4+ 38. Kh3 Qxd5 39. Qd2 Qe4 40. Qd3 Qxd3 41. Bxd3 Rb6 42. Be4 g6 43. Bd5 Kg7 44. Ra7 hxg3 45. hxg3 Rb5 46. Bxf7 Kf6 47.
Be8 Rb6 48. Rf7+ Kg5 49. Rg7 d5 50. Rd7 d4 51. Bf7 Kf6 52. Bc4 Rc6 53. Rf7+ Kg5 54. Bd3 Rc3 55. Be4 Re3 56. Bg2 e4 57. Rd7 d3 58. Rd5+ Kf6 59. Kg4 Re2 60. Bxe4 Rxe4+ 61.
Kf3 Re6 62. Rxd3 Kg7 63. Rd4 Rf6+ 64. Kg4 Kh6 65. Rf4 Rf5 66. Rxf5 gxf5+ 67. Kxf5 Kg7 68.
Kg5 Kh7 69. Kf6 Kh6 70. g4 Kh7 71. Kf7 Kh6 72. Kf6 Kh7 73. Kf5 Kh6 74. Kf6 1/2-1/2

[Event "Early-Titled-Tuesday-Blitz-March-05-2024"]
[Site "Chess.com"]
[Date "2024.03.05"]
[Round "10"]
[White "Polish_fighter3000"]
[Black "Volodar_Murzin"]
[Result "0-1"]
[WhiteElo "3100"]
[BlackElo "3001"]
[TimeControl "180+1"]
[EndTime "9:58:59 PST"]
[Termination "Volodar_Murzin won by resignation"]

1. d4 d5 2. c4 c6 3. Nc3 Nf6 4. cxd5 cxd5 5. Bf4 Nc6 6. e3 e6 7. Bd3 Be7 8. h3 Bd6 9. Bxd6 Qxd6 10. f4 g5 11.
Nge2 g4 12. Ng3 Rg8 13. h4 Bd7 14. h5 O-O-O 15. h6 Kb8 16. a3 Rc8 17. Rc1 Na5 18. Kf2 Nc4 19. Qe2 Qb6 20. Rc2 Rc7 21. Rhc1 Rgc8 22. Nf1 Nd6 23. Kg1 a6 24. Qf2 Rc6 25.
Nd2 Qd8 26. Qh4 Ng8 27. Qxg4 Nxh6 28. Qh3 Nhf5 29. g4 Ne7 30. Qxh7 f6 31. Kf2 e5 32. dxe5 fxe5 33. fxe5 Qf8+ 34. Kg3 Ndf5+ 35. gxf5 Rh6 36. Qxh6 Qxh6 37. Nf3 Bxf5 38. Rd2 Bxd3 39. Rxd3 Nf5+ 40.
Kf2 d4 41. Re1 dxc3 42. bxc3 Rf8 43. e4 Nh4 44. Ree3 Qg5 45. Ke1 Qg3+ 46. Ke2 Qg2+ 47.
Kd1 Rxf3 48. e6 Rxe3 49. Rxe3 Qg4+ 50. Kd2 Qxe6 51. Rd3 Ng6 52. Rd4 Ne5 53. Ke3 Nc4+ 54. Kd3 Nxa3 55. c4 b5 56. c5 Nc4 57. Rd5 Kc7 58.
Kd4 Ne5 59. Rxe5 Qf6 60. Kd5 b4 61. Rf5 Qc6+ 62. Kd4 b3 63. Rf7+ Kd8 64. Kc3 Qxc5+ 65. Kxb3 Qe3+ 66. Kb2 Qxe4 67. Rf8+ Kc7 68. Rg8 Qb4+ 69.
Ka2 Qc4+ 70. Ka3 Qxg8 0-1

[Event "Early-Titled-Tuesday-Blitz-March-05-2024"]
[Site "Chess.com"]
[Date "2024.03.05"]
[Round "10"]
[White "Hamisandwich"]
[Black "vi_pranav"]
[Result "1/2-1/2"]
[WhiteElo "2663"]
[BlackElo "3041"]
[TimeControl "180+1"]
[EndTime "9:59:00 PST"]
[Termination "Game drawn by repetition"]

1. a3 e5 2. c4 Nf6 3. d3 g6 4.
b4 Bg7 5. Bb2 d6 6. g3 O-O 7.
Bg2 a5 8. Nf3 Na6 9. Qb3 Re8 10.
e4 c6 11. Nbd2 Be6 12. O-O Qb6 13. Bc3 axb4 14. axb4 h6 15. Qb2 Nd7 16. Rfb1 Qd8 17. d4 Bg4 18. d5 c5 19. b5 Nb4 20. Rxa8 Qxa8 21. Ra1 Qb8 22. h3 Bxf3 23. Bxf3 Qc7 24. h4 h5 25. Be2 Bh6 26. Nf3 Nf6 27. Qb1 Qd7 28. Ng5 Bxg5 29. hxg5 Nh7 30. Bd2 h4 31.
Kg2 hxg3 32. fxg3 Qe7 33. Qc1 Kg7 34. Be3 Rh8 35. Qd2 Nf8 36. Rh1 Rxh1 37. Kxh1 Qc7 38.
Kg2 Qa5 39. Qb2 Qa4 40. Qb1 Qa3 41. Bd2 Nd7 42. Bg4 Nf8 43. Be2 b6 44. Kf2 Qa4 45. Bd1 Qa3 46. Be2 Nh7 47. Kg2 Qa8 48. Bg4 Qa4 49. Be2 Qa3 50. Kf2 f6 51. gxf6+ Nxf6 52. Bf3 Nd3+ 53. Kg2 Nb4 54. Qh1 Qb2 55. Qh6+ Kf7 56.
Bg4 Nxg4 57. Qh7+ Kf6 58. Qh8+ Kf7 59. Qh7+ Kf8 60. Qh8+ Kf7 61. Qh7+ 1/2-1/2

[Event "Early-Titled-Tuesday-Blitz-March-05-2024"]
[Site "Chess.com"]
[Date "2024.03.05"]
[Round "10"]
[White "Harry_Rakkel"]
[Black "ilqar_74"]
[Result "1/2-1/2"]
[WhiteElo "2693"]
[BlackElo "2827"]
[TimeControl "180+1"]
[EndTime "9:59:01 PST"]
[Termination "Game drawn by stalemate"]

1. e4 c5 2. Nf3 d6 3. d4 cxd4 4. Nxd4 Nf6 5. Nc3 e5 6. Bb5+ Bd7 7. Bxd7+ Qxd7 8. Nf5 Nxe4 9. Nxg7+ Bxg7 10. Nxe4 d5 11.
Ng3 O-O 12. O-O f5 13. f4 e4 14. c3 Nc6 15. Be3 d4 16. cxd4 Bxd4 17. Qe2 Bxe3+ 18. Qxe3 Qd4 19. Qxd4 Nxd4 20. Rac1 Rad8 21. Kf2 Ne6 22. Rc2 Nxf4 23. Kg1 Nd5 24. Nxf5 Kh8 25. Re2 Rde8 26. g3 Re6 27. Nd4 Rxf1+ 28. Kxf1 Re5 29. Kg2 Kg7 30. Nc2 Nf6 31. Ne3 Ra5 32. b3 Rc5 33. Rd2 Rc3 34. Kf2 h5 35. Rd6 Ng4+ 36. Nxg4 hxg4 37. Re6 Rc2+ 38. Kg1 Rxa2 39. Rxe4 a5 40. Rxg4+ Kf6 41. Ra4 Rb2 42. Rxa5 Rxb3 43. Kg2 Rb2+ 44. Kh3 b5 45. g4 b4 46. Kg3 b3 47. Rb5 Rb1 48. Kh4 b2 49. Kh5 Kf7 50. g5 Ke6 51. g6 Kf6 52. Rb6+ Kg7 53. Rb7+ Kf6 54. Kh6 Rg1 55.
Rb6+ Kf5 56. g7 Rg2 57. Rb5+ Kf6 58. Rb6+ Kf7 59. Rb7+ Kg8 60. Rb8+ Kf7 61. Rb7+ Kg8 62. h4 Rg4 63. h5 Rg6+ 64. Kxg6 b1=Q+ 65. Rxb1 1/2-1/2

[Event "Early-Titled-Tuesday-Blitz-March-05-2024"]
[Site "Chess.com"]
[Date "2024.03.05"]
[Round "10"]
[White "ckgchess"]
[Black "Byniolus"]
[Result "1-0"]
[WhiteElo "2914"]
[BlackElo "2806"]
[TimeControl "180+1"]
[EndTime "9:59:02 PST"]
[Termination "ckgchess won by resignation"]

1. e4 d6 2. d4 Nf6 3. Nc3 c6 4. Nf3 Bg4 5. h3 Bh5 6. Bg5 h6 7. Bxf6 gxf6 8. g4 Bg6 9. Qd2 e6 10. O-O-O h5 11. Nh4 Bh6 12. f4 Nd7 13. Kb1 e5 14.
dxe5 dxe5 15. Nxg6 fxg6 16. Qd6 Bxf4 17. gxh5 g5 18.
Be2 Qe7 19. Bg4 Nb6 20. Qd3 Rd8 21. Qe2 Rd4 22. Bf5 Qb4 23. Rxd4 exd4 24. Nd1 Nc4 25.
Qd3 Ne5 26. Qe2 c5 27. h4 c4 28. hxg5 fxg5 29. h6 Ke7 30. h7 c3 31. a3 Qc4 32.
Qxc4 Nxc4 33. bxc3 dxc3 34. Nxc3 Ne3 35. Nd5+ Nxd5 36.
exd5 Kd6 37. c4 b5 38. cxb5 Kxd5 39. a4 Ke5 40. Bg4 Kf6 41. Kc2 Be5 42. Kd3 Kg6 43. Ke4 Bg7 44. Bf5+ Kf6 45. Rf1 Re8+ 46. Kd3 Rd8+ 47.
Kc4 Ke5 48. Bb1 g4 49. Rf5+ Ke6 50. Rg5 Rd4+ 51. Kb3 Bf6 52. Rg6 Rd8 53. Rg8 Ke7 54.
Rxg4 Rh8 55. Rg8 Kd6 56. Kc4 Be5 57. Bg6 Kc7 58. Kd5 Bc3 59. Ke6 Kb6 60. Kf7 Ka5 61. Bc2 Kb4 62. Rxh8 Bxh8 63. Kg8 Bc3 64. h8=Q Bxh8 65.
Kxh8 1-0

[Event "Early-Titled-Tuesday-Blitz-March-05-2024"]
[Site "Chess.com"]
[Date "2024.03.05"]
[Round "10"]
[White "kids2010"]
[Black "Anton_Demchenko"]
[Result "0-1"]
[WhiteElo "2784"]
[BlackElo "2910"]
[TimeControl "180+1"]
[EndTime "9:59:04 PST"]
[Termination "Anton_Demchenko won by checkmate"]

1. e4 e5 2. Nf3 Nc6 3. Bc4 Nf6 4. d3 h6 5. O-O d6 6. c3 g6 7. d4 Qe7 8. Re1 Bg7 9. h3 Nh7 10.
a4 Ng5 11. d5 Nb8 12. Nbd2 Nxf3+ 13. Nxf3 O-O 14. Bd3 Nd7 15. b4 a5 16. Bd2 Nf6 17. bxa5 Rxa5 18. c4 Ra8 19. a5 Nh5 20. Qc2 Nf4 21.
Bxf4 exf4 22. Ra2 g5 23. c5 g4 24. hxg4 Bxg4 25. Nh2 Bh5 26. c6 bxc6 27. dxc6 Kh8 28.
a6 Bd4 29. Be2 Bg6 30. Bf3 Rfb8 31. Qc4 Qe5 32. Ng4 Qg7 33. Rd1 Bc5 34. e5 h5 35.
Nf6 Rb4 36. Qc3 Rb6 37. Rda1 Bb4 38. Qc4 Rbb8 39. Nd7 Bc5 40. Nxb8 Rxb8 41. a7 Ra8 42. Rb2 Rxa7 43. Rxa7 Bxa7 44. Ra2 Bc5 45. exd6 Bxd6 46. Qd5 Qf6 47. Re2 Kg7 48. Re8 Qa1+ 49. Kh2 Qf6 50. Re2 Qh4+ 51. Kg1 Qf6 52. Be4 Qa1+ 53. Kh2 f3+ 54. Qxd6 cxd6 55. Bxf3 Qc3 56. g3 Qc4 57. Re3 d5 58. Kg2 Qxc6 59. Re7 Be4 60. Bxe4 dxe4 61.
Re5 e3+ 62. f3 Qc2+ 63. Kh3 Qf2 64. Kh4 Qxf3 65. Rg5+ Kf8 66. Rb5 Qg4# 0-1

[Event "Early-Titled-Tuesday-Blitz-March-05-2024"]
[Site "Chess.com"]
[Date "2024.03.05"]
[Round "10"]
[White "pr1105"]
[Black "Rawnsdale"]
[Result "1-0"]
[WhiteElo "2378"]
[BlackElo "2489"]
[TimeControl "180+1"]
[EndTime "9:59:05 PST"]
[Termination "pr1105 won by resignation"]

1. e4 c6 2. d4 d5 3. e5 c5 4. Nf3 Nc6 5. dxc5 Bg4 6. Bb5 e6 7. h3 Bh5 8. Be3 Ne7 9. g4 Bg6 10.
c3 h5 11. Rg1 Qc7 12. Nbd2 O-O-O 13. Bd4 Be4 14. Qe2 hxg4 15. hxg4 Nxd4 16. cxd4 Ng6 17. b4 Bxf3 18. Qxf3 Nxe5 19. Qg3 Ng6 20. Bd3 Qxg3 21. fxg3 e5 22. Bxg6 fxg6 23. dxe5 b6 24. Rc1 bxc5 25. bxc5 Be7 26. Nf3 Rhf8 27. Ke2 d4 28. Rgd1 d3+ 29. Ke3 Kc7 30. Rc3 Kc6 31. Rdxd3 Rxd3+ 32.
Rxd3 Bxc5+ 33. Ke4 Rb8 34. e6 Bd6 35. Ne5+ Kc7 36. Nxg6 Rb4+ 37. Kf5 Rb5+ 38. Ke4 Rb4+ 39. Kf3 Rb8 40. Rc3+ Kd8 41. Rd3 Rb6 42. Ke4 Ke8 43. Kd5 Be7 44. Rc3 Rb5+ 45. Ke4 Rb8 46. Nxe7 Kxe7 47.
Rc7+ Kxe6 48. Rxg7 Rb4+ 49. Kf3 Ra4 50. Rg6+ Kf7 51. Rg5 Ra3+ 52. Kf4 Rxa2 53. Rb5 a5 54. g5 a4 55. Kf5 Rf2+ 56. Kg4 a3 57. Ra5 a2 58.
Ra7+ Kg6 59. Ra6+ Kf7 60. g6+ Kg7 61. Kg5 Kg8 62. g4 Rc2 63. Ra8+ Kg7 64. Ra7+ Kg8 65. g7 Rc5+ 66. Kh6 Rc6+ 67. Kh5 Rc5+ 68. g5 Rc2 69.
Kh6 Rh2+ 70. Kg6 a1=Q 71. Rxa1 Rh6+ 72. Kxh6 1-0

[Event "Early-Titled-Tuesday-Blitz-March-05-2024"]
[Site "Chess.com"]
[Date "2024.03.05"]
[Round "10"]
[White "kyuotbi"]
[Black "SergioMoralesG"]
[Result "0-1"]
[WhiteElo "2303"]
[BlackElo "2481"]
[TimeControl "180+1"]
[EndTime "9:59:07 PST"]
[Termination "SergioMoralesG won on time"]

1. e4 c5 2. Nf3 e6 3. d4 cxd4 4. Nxd4 Nc6 5. Nc3 Qc7 6. f4 a6 7. Nxc6 bxc6 8. Bd3 d5 9. O-O Nf6 10. e5 Nd7 11. Qe2 Be7 12. Bd2 Nc5 13. Kh1 Nxd3 14. cxd3 O-O 15. Rac1 Rb8 16. b3 a5 17. d4 Qa7 18.
Qf2 Ba6 19. Rfe1 c5 20. Be3 Rfc8 21. f5 cxd4 22. Bxd4 Bc5 23. Bxc5 Qxc5 24. Qf4 Qb4 25. Qg3 d4 26. f6 g6 27. Ne4 Rxc1 28. Rxc1 d3 29.
Qe3 Rd8 30. Nd6 Qh4 31. g3 Qh5 32. Qb6 Qf3+ 33. Kg1 Rf8 34. Rf1 Qxf1+ 35. Kxf1 d2+ 36. Qxa6 d1=Q+ 37. Kg2 Qd5+ 38. Kg1 Qxe5 39. Nc4 Qd4+ 40. Kg2 Qxf6 41. Qxa5 Rd8 42. Qe1 Kg7 43. a4 Qd4 44. a5 Qd5+ 45. Kg1 Rb8 46. Qc3+ f6 47. a6 Qc5+ 48. Kf1 Ra8 49. Qa1 Qb5 50. Qe1 Rxa6 51. Kg2 Qd5+ 52. Kg1 Rc6 53. Qe3 Qc5 54. Qxc5 Rxc5 55.
Kf2 Rb5 56. Nd2 Kf7 57. Ke3 Ke7 58. Kd3 e5 59. Kc4 Rb8 60. Nf3 Rc8+ 61. Kd5 Rd8+ 62. Ke4 Ke6 63. g4 f5+ 64. gxf5+ gxf5+ 65. Ke3 Rb8 66. Nd2 Kd5 67. h4 f4+ 0-1

[Event "Early-Titled-Tuesday-Blitz-March-05-2024"]
[Site "Chess.com"]
[Date "2024.03.05"]
[Round "10"]
[White "Akylbek2021"]
[Black "VinzentSpitzl"]
[Result "0-1"]
[WhiteElo "2321"]
[BlackElo "2533"]
[TimeControl "180+1"]
[EndTime "9:59:12 PST"]
[Termination "VinzentSpitzl won by resignation"]

1. e4 c6 2. Nf3 d5 3. d3 dxe4 4. Ng5 Nf6 5. Nxe4 Nxe4 6. dxe4 Qxd1+ 7. Kxd1 g6 8. Bc4 Bg7 9. c3 Nd7 10. Be3 Ne5 11. Be2 Ng4 12. Bxg4 Bxg4+ 13. f3 Be6 14. Nd2 b6 15. Kc2 O-O-O 16. Rhd1 h5 17. h4 Rhg8 18. a4 Bf6 19. Bg5 Bxg5 20. hxg5 f6 21.
gxf6 exf6 22. Nb3 c5 23. a5 Kb7 24. axb6 axb6 25. Nd2 g5 26. Nf1 f5 27. Ne3 fxe4 28.
fxe4 Rgf8 29. Rxd8 Rxd8 30. Rf1 Re8 31. e5 h4 32. Rf6 g4 33. Nf5 Bxf5+ 34. Rxf5 Rh8 35. Rf1 h3 36. gxh3 gxh3 37. Kd3 h2 38. Rh1 Kc6 39. Ke4 Rh5 40. Kf4 Kd5 41. Kg4 Rh8 42. Kf5 Rf8+ 43. Kg6 Rf2 44. Re1 Ke6 45. b4 c4 46. Kg7 Rf3 47. Rh1 Rh3 48. Kf8 Kxe5 49. Ke8 Ke4 50. Kd7 Kd3 51. Kc6 Kxc3 52. Kb5 Kb3 53. Rb1+ Kc2 54. Rh1 c3 55. Kxb6 Kb3 56. b5 c2 57.
Ka7 Kb2 58. b6 c1=Q 59. Rxc1 Kxc1 60. b7 Ra3+ 61. Kb8 Rb3 62. Kc8 h1=Q 63. b8=Q Qh8+ 0-1

[Event "Early-Titled-Tuesday-Blitz-March-05-2024"]
[Site "Chess.com"]
[Date "2024.03.05"]
[Round "10"]
[White "HanSchut"]
[Black "crazy_m_attack"]
[Result "0-1"]
[WhiteElo "2323"]
[BlackElo "2485"]
[TimeControl "180+1"]
[EndTime "9:59:13 PST"]
[Termination "crazy_m_attack won by checkmate"]

1. e4 e5 2. Nf3 Nc6 3. Bc4 Nf6 4.
d4 exd4 5. e5 Ng4 6. O-O Be7 7.
Re1 d6 8. exd6 Qxd6 9. h3 Nf6 10. Na3 a6 11. Bd3 O-O 12. Nc4 Qd8 13. Bf4 Be6 14.
a3 h6 15. Qd2 Re8 16. Re2 Bf8 17. Rae1 Nd5 18. Bg3 b5 19. Nce5 Nxe5 20. Nxe5 c5 21. Be4 Rc8 22. Bf3 Bd6 23. Bxd5 Bxd5 24. f4 Qc7 25. Kh2 Re7 26. Bh4 Re6 27. Bg3 Rce8 28.
Qd3 f6 29. Ng4 Bxf4 30. Bxf4 Qxf4+ 31. Kg1 h5 32. Rxe6 Rxe6 33. Rxe6 Bxe6 34. Nf2 Bf5 35. Qe2 Qe3 36. Kf1 Be6 37. Nd1 Qf4+ 38. Qf2 Qxf2+ 39.
Kxf2 Bd5 40. g3 Kf7 41. h4 g5 42. Ke2 Kg7 43. Kf2 Kg6 44. Kf1 Kf5 45. Nf2 Be4 46. hxg5 fxg5 47. c3 d3 48. Ke1 c4 49.
Kd2 h4 50. gxh4 gxh4 51. Ke3 Bg2 52. Nd1 h3 53. Kf2 Ke4 54. Ne3 d2 55. Nd1 Kd3 56.
Kg1 Ke2 57. Nf2 d1=Q+ 58. Nxd1 Kxd1 59. b4 Kc2 60. a4 Kxc3 61. axb5 axb5 62. Kh2 Kxb4 63.
Kg1 c3 64. Kh2 c2 65. Kg1 c1=Q+ 66. Kh2 Qf4+ 67. Kg1 Qf1+ 68. Kh2 Qh1+ 69. Kg3 Qg1 70. Kh4 h2 71. Kg5 h1=Q 72. Kf6 Qh8+ 73. Ke7 Qc5+ 74. Kd7 Qh7+ 75. Ke8 Qc8# 0-1

[Event "Early-Titled-Tuesday-Blitz-March-05-2024"]
[Site "Chess.com"]
[Date "2024.03.05"]
[Round "10"]
[White "FischerKasparow"]
[Black "fandebobbyfischer"]
[Result "1/2-1/2"]
[WhiteElo "2091"]
[BlackElo "2682"]
[TimeControl "180+1"]
[EndTime "9:59:18 PST"]
[Termination "Game drawn - insufficient material"]

1. e4 d5 2. exd5 Qxd5 3. Nc3 Qe5+ 4. Qe2 Qxe2+ 5. Bxe2 Bf5 6. d3 Nc6 7. Nf3 O-O-O 8.
O-O e5 9. Be3 Nf6 10. h3 Bd6 11. Nb5 Kb8 12. Nxd6 cxd6 13. a3 d5 14. b4 d4 15. Bg5 Rd5 16. Nd2 Nd7 17. Bf3 Rd6 18.
b5 Na5 19. Be7 Rg6 20. Bb4 b6 21. Kh2 Rc8 22. Rac1 Be6 23. Bd6+ Rc7 24. Bxc7+ Kxc7 25. Rfe1 f5 26. c3 dxc3 27. Rxc3+ Kd6 28. Nc4+ Nxc4 29.
dxc4 e4 30. Be2 Nc5 31. Rd1+ Ke7 32. g3 Rf6 33. Rd4 g5 34. f4 gxf4 35. gxf4 Rf8 36.
Rc1 Nb3 37. Rcd1 Nxd4 38. Rxd4 Rc8 39. a4 Rd8 40. Rxd8 Kxd8 41. Kg3 Ke7 42. Kh4 Kd6 43. Kg5 Kc5 44. Kf6 Bc8 45. Ke5 e3 46. h4 h6 47.
h5 Bd7 48. Bd3 Kb4 49. Kd4 Kxa4 50. Kxe3 Kb4 51. Kd4 Bc8 52. Ke5 Bd7 53. Kd6 Be8 54. Ke7 Bxh5 55. Bxf5 Kxc4 56. Bd7 Kc5 57. f5 Bg4 58. f6 Bh5 59. f7 Bxf7 60. Kxf7 h5 61. Ke6 h4 62. Ke5 h3 63. Bxh3 Kxb5 64. Kd4 Kb4 65.
Kd3 a5 66. Be6 Ka3 67. Kc4 Ka4 68. Bd7+ Ka3 69. Kb5 a4 70. Kxb6 Kb3 71. Ka5 a3 72. Kb5 Kb2 73. Be6 a2 74. Bxa2 1/2-1/2

[Event "Early-Titled-Tuesday-Blitz-March-05-2024"]
[Site "Chess.com"]
[Date "2024.03.05"]
[Round "10"]
[White "ploxoi"]
[Black "bazar-wokzal"]
[Result "0-1"]
[WhiteElo "2439"]
[BlackElo "2578"]
[TimeControl "180+1"]
[EndTime "9:59:20 PST"]
[Termination "bazar-wokzal won by resignation"]

1. d4 Nf6 2. c4 Nc6 3. Nf3 e6 4.
Nc3 Bb4 5. Qc2 d6 6. a3 Bxc3+ 7. Qxc3 O-O 8. g3 Qe7 9. Bg2 e5 10. dxe5 dxe5 11. O-O Bg4 12. h3 Bh5 13. Bg5 h6 14. Be3 Rfd8 15. Rfe1 a5 16. Rad1 Rxd1 17. Rxd1 e4 18.
Nd4 Nxd4 19. Bxd4 Rd8 20. Rd2 Qe6 21. Bxf6 Rxd2 22. Qxd2 gxf6 23. Qd4 Bxe2 24. Bxe4 Qxh3 25. Qxf6 Qe6 26. Qd8+ Kg7 27. Bd5 Qe5 28. b4 c6 29.
Bg2 axb4 30. axb4 Bxc4 31. Qd2 Bd5 32. Bf1 Qe4 33. Qc3+ Kg8 34. f3 Qxf3 35. Qxf3 Bxf3 36. Kf2 Bd5 37. Ke3 b6 38. Kd4 Bh1 39. Bc4 Kg7 40.
Ke5 Kg6 41. Bb3 f6+ 42. Kf4 c5 43. bxc5 bxc5 44. Bc4 Bc6 45. Bd3+ Kg7 46. Bc4 Bd7 47.
Kf3 f5 48. Kf4 Kf6 49. Bd3 Be6 50. Bb1 c4 51. Bc2 Ke7 52. Ke3 Kf6 53. Kd4 Kg5 54.
Bd1 Bg8 55. Be2 f4 56. gxf4+ Kxf4 57. Kc3 Bf7 58. Kd4 Kg5 59. Ke3 h5 60. Kf2 h4 61.
Kg1 Be6 62. Bd1 Kf4 63. Bc2 c3 64. Kh2 Bf5 65. Bd1 Ke3 66. Bb3 Kd2 0-1